 Dungeon Crawl Stone Soup version 0.30-a0-1112-gfb780f5df6 (webtiles) character file.

Game seed: 2011047151358354151

16011 ytrimaz the Protected (level 12, -7/81 HPs)
             Began as a Demonspawn Fighter on Apr 19, 2023.
             Mangled by a large slime creature (25 damage)
             ... on level 12 of the Dungeon.
             The game lasted 00:16:17 (14404 turns).

ytrimaz the Protected (Demonspawn Fighter)         Turns: 14404, Time: 00:16:17

Health: -7/81      AC: 27    Str: 21    XL:     12   Next: 6%
Magic:  12/12      EV:  7    Int: 11    God:
Gold:   329        SH:  0    Dex: 12    Spells: 11/11 levels left

rFire   . . .      SeeInvis .      - Unarmed
rCold   . . .      Faith    .    (no shield)
rNeg    . . .      Spirit   .    p - +0 plate armour
rPois   .          Reflect  .    G - +2 helmet
rElec   .          Rampage  .    h - +0 cloak
rCorr   .                        (no gloves)
Will    .....                    e - +2 pair of boots Stlth
                                 (no amulet)
HPRegen 0.33/turn                (no ring)
MPRegen 0.26/turn                (no ring)

@: about to teleport
A: claws 2, icy blue scales 2, magic regeneration
a: no special abilities


You were on level 12 of the Dungeon.
You visited 2 branches of the dungeon, and saw 13 of its levels.

You collected 758 gold pieces.
You spent 429 gold pieces at shops.


Innate Abilities, Weirdness & Mutations

You have very sharp fingernails.
You are mostly covered in icy blue scales. (AC +3)
You regenerate magic rapidly.


   Skills:
 - Level 3.5 Fighting
 - Level 2.4 Axes
 + Level 13.1 Armour
 - Level 2.6 Shields
 + Level 12.6 Unarmed Combat


You had 11 spell levels left.
You didn't know any spells.
Your spell library contained the following spells:

 Spells                   Type           Power      Damage    Failure   Level
 Magic Dart               Conj           0%         1d3       99%         1
 Sandblast                Erth           0%         2d4       99%         1
 Passwall                 Tmut/Erth      0%         N/A       99%         2
 Poisonous Vapours        Pois/Air       0%         N/A       99%         2
 Searing Ray              Conj           0%         2d4       99%         2
 Mephitic Cloud           Conj/Pois/Air  0%         N/A       100%        3
 Stone Arrow              Conj/Erth      0%         3d7       100%        3
 Animate Armour           Summ/Erth      0%         N/A       100%        4
 Fulminant Prism          Conj/Hex       0%         3d5       100%        4
 Blade Hands              Tmut           0%         N/A       100%        5
 Freezing Cloud           Conj/Ice/Air   0%         6-21      100%        5
 Iron Shot                Conj/Erth      0%         9d1       100%        6
 Simulacrum               Ice/Necr       0%         N/A       100%        6
 Ozocubu's Refrigeration  Ice            0%         4d7       100%        7
 Polar Vortex             Ice            0%         N/A       100%        9

Inventory:

Hand Weapons
 a - a +1 war axe
Armour
 e - a +2 pair of boots (worn)
   (You found it on level 1 of the Dungeon)
 h - a +0 cloak (worn)
   (You found it on level 5 of the Dungeon)
 p - a +0 plate armour (worn)
   (You found it on level 6 of the Dungeon)
 G - a +2 helmet (worn)
   (You found it on level 11 of the Dungeon)
Jewellery
 y - a ring of fire
   (You took it off a kobold on level 8 of the Dungeon)
Wands
 s - a wand of digging (5) (quivered)
   (You found it on level 10 of the Dungeon)
 v - a wand of mindburst (8)
   (You took it off a gnoll sergeant on level 9 of the Dungeon)
 w - a wand of polymorph (3)
   (You found it on level 11 of the Dungeon)
 C - a wand of light (5)
   (You found it on level 10 of the Dungeon)
Scrolls
 g - 6 scrolls of teleportation
 i - 3 scrolls of poison
 j - 6 scrolls of fear
 m - 7 scrolls of magic mapping
 o - a scroll of enchant armour
 q - 2 scrolls of immolation
 r - a scroll of brand weapon
 t - 2 scrolls of silence
 u - 3 scrolls of torment
 B - 4 scrolls of amnesia
 D - a scroll of fog
 E - 2 scrolls of identify
Potions
 b - 3 potions of haste
 c - a potion of might
 d - a potion of ambrosia
 f - a potion of invisibility
 k - 3 potions of mutation
 l - 3 potions of flight
 n - a potion of berserk rage
 x - 2 potions of attraction
 A - a potion of brilliance
 F - 3 potions of heal wounds
Miscellaneous
 z - a phantom mirror
   (You found it on level 10 of the Dungeon)

Dungeon Overview and Level Annotations

Branches:
Dungeon (12/15) Zot: 26822  Temple (1/1) D:5 Zot: 5937    Lair (0/5) D:9
    Orc (0/2) D:9

Altars:
Ashenzari
Cheibriados
Dithmenos
Fedhas
Gozag
Hepliaklqana
Kikubaaqudgha
Makhleb
Nemelex Xobeh
Okawaru
Qazlal
Ru
Sif Muna
Trog
Uskayaw
Vehumet
Wu Jian
Xom
Yredelemnul

Shops:
D:9 ?(** D:11

* ...........###
.............#
.............####+##.
.....................
.........J..#'####.......
............#....#.......#
.........J..#....#.......##
.........JJ.'....#.........
..........@.#....#.........
............#....#.........
............#....#.........
........###.#....#.........
######### #.######.........
#...........#####
#...........# #...........#
#############


You could see a large slime creature and 3 slime creatures.


Message History

The vampire mosquito bites you but does no damage.
You barely miss the vampire mosquito. The vampire mosquito bites you.
* * * LOW HITPOINT WARNING * * *
The vampire mosquito draws strength from your injuries!
The vampire mosquito bites you.
* * * LOW HITPOINT WARNING * * *
The vampire mosquito draws strength from your injuries! 😨 HP[-4]
You take 4 damage, and now have 34/81 hp.
Unknown command.
You barely miss the vampire mosquito.
The vampire mosquito closely misses you.
The vampire mosquito bites you but does no damage. 😨 HP[+1]
You scratch the vampire mosquito.
The vampire mosquito bites you but does no damage.
Unknown command.
You claw the vampire mosquito! The vampire mosquito barely misses you.
The vampire mosquito bites you but does no damage.
You barely miss the vampire mosquito. The vampire mosquito bites you!
* * * LOW HITPOINT WARNING * * *
The vampire mosquito draws strength from your injuries! 😨 HP[-8]
You take 8 damage, and now have 27/81 hp.
Unknown command.
You scratch the vampire mosquito. The vampire mosquito bites you.
* * * LOW HITPOINT WARNING * * *
The vampire mosquito draws strength from your injuries! 😨 HP[-2]
You take 2 damage, and now have 25/81 hp.
You mangle the vampire mosquito!!
The vampire mosquito barely misses you. x2
Unknown command.
You closely miss the vampire mosquito.
The vampire mosquito bites you but does no damage.
You miss the vampire mosquito. The vampire mosquito barely misses you.
The vampire mosquito bites you but does no damage.
You miss the vampire mosquito.
The vampire mosquito bites you but does no damage.
Unknown command. 😨 HP[+1]
You mangle the vampire mosquito!!
You destroy the vampire mosquito!
Unknown command.
A slime creature comes into view. 😮 HP[+18]
You regained 18 hp, and now have 44/81 hp.
Unknown command.
A slime creature is nearby!
A slime creature is nearby!
Unknown command.
A slime creature is nearby!
You start resting.
A slime creature is nearby! 😮 HP[+1] Unknown command.
A slime creature comes into view.
The slime creature quivers. 😮 HP[+1]
A slime creature comes into view. 😮 HP[+1]
The slime creature quivers.
A slime creature comes into view.
The slime creature quivers. 😮 HP[+1]
You scratch the slime creature but do no damage.
The slime creature hits you!
A slime creature comes into view.
Two slime creatures merge to form a large slime creature. 😮 HP[-7]
You take 7 damage, and now have 41/81 hp.
The slime creature quivers.
You claw the slime creature! The slime creature hits you!
* * * LOW HITPOINT WARNING * * *
😨 HP[-9]
You take 9 damage, and now have 32/81 hp.
Unknown command.
You scratch the slime creature. The slime creature hits you!
* * * LOW HITPOINT WARNING * * *
😨 HP[-9]
You take 9 damage, and now have 23/81 hp.
The slime creature attacks as you move away!
The slime creature hits you but does no damage. 😨 HP[+1]
The slime creature attacks as you move away!
The slime creature hits you but does no damage. 😨 HP[+1]
Okay, then.
Okay, then.
As you read the scroll of teleportation, it crumbles to dust.
You feel strangely unstable. The slime creature hits you!
* * * LOW HITPOINT WARNING * * *
😱 HP[-8]
You take 8 damage, and now have 17/81 hp.
The slime creature attacks as you move away!
The slime creature hits you but does no damage. 😱 HP[+1]
The large slime creature attacks as you move away!
The large slime creature hits you!!
You die...

Skill      XL: |  1  2  3  4  5  6  7  8  9 10 11 |
---------------+----------------------------------+-----
Axes           | 2 |  2.4
Armour         | 3 4 6 8 9 11 13 | 13.1
Unarmed Combat | 1 2 3 5 7 9 10 12 | 12.6
Fighting       | |  3.5
Shields        | |  2.6

Action                     |  1- 3 |  4- 6 |  7- 9 | 10-12 || total
---------------------------+-------+-------+-------+-------++-------
  Melee: War axe           |   114 |    70 |    19 |       ||   203
         Punch             |     1 |     3 |    18 |    40 ||    62
         Unarmed           |       |       |   357 |   546 ||   903
  Evoke: Wand              |       |     5 |       |     1 ||     6
    Use: Scroll            |     2 |     5 |     8 |    13 ||    28
         Potion            |       |     3 |     2 |     5 ||    10
   Stab: Invisible         |       |     1 |       |       ||     1
 Armour: Scale mail        |    67 |    49 |   231 |       ||   347
         Plate armour      |       |       |    45 |   378 ||   423
         Skin              |       |       |       |    17 ||    17
  Dodge: Dodged            |    63 |    40 |   180 |   161 ||   444

Levels and vault maps discovered:
D:1:      onia_arrival_handbag, layout_basic, minmay_misc_feat_tower
D:2:      layout_basic, kennysheep_another_room
D:3:      layout_basic, shapermc_ecumenical_altar_mp_ritualfount
D:4:      layout_basic, mainiacjoe_overflow_cross_hatched,
          chequers_serial_rivers_micro_a, nicolae_underground_beach,
          uniq_duvessa, uniq_pikel
D:5:      layout_loops_ring, minmay_temple_entry_statues_pillars, serial_undead,
          serial_undead_a, serial_undead_a, serial_undead_f, serial_undead_a,
          kennysheep_pointless_box, uniq_eustachio, uniq_grinder,
          uniq_prince_ribbit1
D:6:      minmay_opposing_rooms, layout_layer_cave, serial_demonic,
          serial_demonic_f, serial_demonic_a, serial_demonic_f,
          serial_demonic_a, grunt_ministairs_14
D:7:      layout_basic, chei_slow_surprise, minmay_crossroads
D:8:      layout_layer_cave, okawaru_humans, uniq_maggie
D:9:      minmay_s_stair_smasher, layout_cave_pools,
          nicolae_overflow_quartered_altars, dpeg_oklobed_lair, serial_shops,
          nicolae_shop_mannequins, shop, shop, shop, grunt_ministairs_11,
          kennysheep_crisscross
D:10:     layout_grid_maze, amcnicky_altar_gilded, minmay_fountain_box,
          minivault_27, unseen_surprise_small, uniq_gastronok
D:11:     layout_basic, serial_corexii_hall, corexii_hall_statues_deadend,
          corexii_hall_statues_x, minmay_shop_mass
D:12:     dreamdust_cave_troll, layout_irregular_city, lightli_corner_chamber,
          uniq_rupert
Temple:   nicolae_temple_ecumenical_triangle

Notes
Turn   | Place    | Note
-------+----------+-------------------------------------------
     0 | D:1      | ytrimaz the Demonspawn Fighter began the quest for the Orb.
     0 | D:1      | Reached XP level 1. HP: 18/18 MP: 1/1
     0 | D:1      | magus.rc [v1.9.6]
   210 | D:1      | Reached skill level 2 in Axes
   319 | D:1      | Gained mutation: You are partially covered in icy blue
                  | scales. (AC +2) [demonic ancestry]
   319 | D:1      | Reached XP level 2. HP: 24/24 MP: 2/2
   795 | D:2      | Reached skill level 3 in Armour
  1110 | D:2      | Gained mutation: You have sharp fingernails. [demonic
                  | ancestry]
  1110 | D:2      | Reached XP level 3. HP: 29/29 MP: 3/3
  1899 | D:3      | Reached skill level 1 in Unarmed Combat
  1899 | D:3      | Reached XP level 4. HP: 29/35 MP: 4/4
  2036 | D:3      | Found a faded altar of an unknown god.
  2081 | D:3      | Reached skill level 4 in Armour
  2083 | D:3      | Reached skill level 2 in Unarmed Combat
  2083 | D:3      | Reached XP level 5. HP: 24/41 MP: 5/5
  2539 | D:4      | Noticed Dowan
  2539 | D:4      | Noticed Duvessa
  2549 | D:4      | Killed Duvessa
  2550 | D:4      | Reached skill level 3 in Unarmed Combat
  2550 | D:4      | Gained mutation: You have very sharp fingernails. [demonic
                  | ancestry]
  2550 | D:4      | Reached XP level 6. HP: 17/47 MP: 6/6
  2550 | D:4      | HP: 6/47 [Dowan/shard of ice (12)]
  2559 | D:4      | HP: 8/47 [Dowan/shard of ice (9)]
  2560 | D:4      | Killed Dowan
  2809 | D:4      | Reached skill level 5 in Armour
  2976 | D:4      | Noticed Pikel
  2990 | D:4      | Killed Pikel
  2991 | D:4      | Reached skill level 6 in Armour
  2991 | D:4      | Reached skill level 5 in Unarmed Combat
  2991 | D:4      | Gained mutation: You regenerate magic rapidly. [demonic
                  | ancestry]
  2991 | D:4      | Reached XP level 7. HP: 26/52 MP: 7/7
  3000 | D:4      | HP: 8/52 [gnoll/+0 halberd (7)]
  3005 | D:4      | HP: 2/52 [gnoll/+0 halberd (5)]
  3433 | D:5      | Entered Level 5 of the Dungeon
  3533 | D:5      | Noticed Grinder
  3550 | D:5      | Killed Grinder
  3551 | D:5      | Reached XP level 8. HP: 39/58 MP: 8/8
  3632 | D:5      | Noticed Prince Ribbit
  3656 | D:5      | Killed Prince Ribbit
  3657 | D:5      | Reached skill level 7 in Armour
  3657 | D:5      | Reached skill level 6 in Unarmed Combat
  3812 | D:5      | You pick up a book of Conjurations and begin reading...
  3812 | D:5      | You add the spells Magic Dart, Searing Ray and Fulminant
                  | Prism to your library.
  3867 | D:5      | Reached skill level 7 in Unarmed Combat
  3893 | D:5      | Reached skill level 8 in Armour
  3900 | D:5      | Reached XP level 9. HP: 54/64 MP: 9/9
  4162 | D:5      | Noticed Eustachio
  4170 | D:5      | Killed Eustachio
  4273 | D:5      | Found a staircase to the Ecumenical Temple.
  4295 | Temple   | Entered the Ecumenical Temple
  5170 | D:6      | Reached skill level 8 in Unarmed Combat
  5265 | D:6      | HP: 9/64 [orc priest/divine providence (13)]
  5269 | D:6      | Reached skill level 9 in Armour
  6636 | D:7      | Found a snail-covered altar of Cheibriados.
  6664 | D:7      | Reached skill level 9 in Unarmed Combat
  6811 | D:7      | You pick up a book of Vapours and begin reading...
  6811 | D:7      | You add the spells Poisonous Vapours, Mephitic Cloud and
                  | Freezing Cloud to your library.
  6850 | D:7      | Reached XP level 10. HP: 57/70 MP: 10/10
  7019 | D:7      | You pick up a book of Ice and begin reading...
  7019 | D:7      | You add the spells Simulacrum, Ozocubu's Refrigeration and
                  | Polar Vortex to your library.
  7515 | D:8      | Noticed a two-headed ogre
  7525 | D:8      | HP: 15/70 [two-headed ogre/+0 giant club (18)]
  7527 | D:8      | Killed a two-headed ogre
  7528 | D:8      | Reached skill level 10 in Armour
  8160 | D:8      | Noticed Maggie
  8181 | D:8      | Killed Maggie
  8314 | D:8      | Paralysed by a hornet for 1 turns
  8431 | D:8      | Reached skill level 10 in Unarmed Combat
  8924 | D:8      | Found an iron altar of Okawaru.
  9163 | D:8      | Reached skill level 11 in Armour
  9272 | D:9      | Noticed a two-headed ogre
  9311 | D:9      | Found Jynn's General Store.
  9313 | D:9      | Bought a potion of haste for 150 gold pieces
  9313 | D:9      | Bought a potion of curing for 45 gold pieces
  9317 | D:9      | Found Curiuc's Weapon Shoppe.
  9317 | D:9      | Noticed a +0 giant club
  9326 | D:9      | Noticed a +0 giant club
  9349 | D:9      | Found a staircase to the Orcish Mines.
  9392 | D:9      | HP: 13/70 [yak (8)]
  9638 | D:9      | Found a staircase to the Lair.
  9797 | D:9      | Reached XP level 11. HP: 57/75 MP: 11/11
  9846 | D:9      | Noticed a two-headed ogre
  9862 | D:9      | Killed a two-headed ogre
  9863 | D:9      | Reached skill level 11 in Unarmed Combat
 10196 | D:9      | Killed a two-headed ogre
 10366 | D:9      | Found Ypimme's General Store.
 10374 | D:9      | Bought 3 scrolls of identify for 72 gold pieces
 10374 | D:9      | Bought a scroll of fear for 48 gold pieces
 10377 | D:9      | Bought a scroll of magic mapping for 90 gold pieces
 10377 | D:9      | Bought a scroll of identify for 24 gold pieces
 10391 | D:9      | Found a shimmering altar of Xom.
 10391 | D:9      | Found a stormy altar of Qazlal.
 10392 | D:9      | Found a bloodstained altar of Trog.
 10701 | D:9      | HP: 26/111 [poisoned by a killer bee]
 10728 | D:9      | HP: 14/75 [centaur/arrow (7)]
 10847 | D:9      | Reached skill level 12 in Armour
 10990 | D:9      | You pick up a book of Geomancy and begin reading...
 10990 | D:9      | You add the spells Sandblast, Passwall and Stone Arrow to
                  | your library.
 11009 | D:9      | Found Uxtakh's Magic Scroll Emporium.
 11686 | D:9      | Paralysed by a hornet for 1 turns
 11938 | D:10     | Entered Level 10 of the Dungeon
 11959 | D:10     | Found a sacrificial altar of Ru.
 12049 | D:10     | Noticed Gastronok
 12089 | D:10     | Killed Gastronok
 12090 | D:10     | Reached skill level 12 in Unarmed Combat
 13656 | D:11     | Found Gocwom's Mass Market.
 13842 | D:11     | You pick up a book of Iron and begin reading...
 13842 | D:11     | You add the spells Animate Armour, Blade Hands and Iron
                  | Shot to your library.
 13863 | D:11     | Reached skill level 13 in Armour
 13863 | D:11     | Gained mutation: You are mostly covered in icy blue scales.
                  | (AC +3) [demonic ancestry]
 13863 | D:11     | Reached XP level 12. HP: 61/81 MP: 12/12
 14401 | D:12     | HP: 17/81 [slime creature (8)]
 14404 | D:12     | Mangled by a large slime creature

Vanquished Creatures
  Gastronok (D:10)
  3 two-headed ogres
  Pikel (D:4)
  A cyclops (D:9)
  A gargoyle (D:11)
  Maggie (D:8)
  A komodo dragon (D:10)
  4 trolls
  3 hornets
  Grinder (D:5)
  Prince Ribbit (D:5)
  3 vampires
  3 shadows
  2 wyverns
  3 wraiths
  Eustachio (D:5)
  14 yaks
  2 humans (D:8)
  4 vampire mosquitoes (D:12)
  3 water moccasins
  2 orc warriors
  Duvessa (D:4)
  3 sky beasts
  2 ice beasts
  4 black bears
  5 centaurs
  A lemure (D:4)
  3 phantoms (D:5)
  3 kobold brigands
  5 bullfrogs
  3 water moccasin zombies (D:5)
  3 gnoll sergeants
  A scorpion (D:6)
  Dowan (D:4)
  6 wights
  7 killer bees
  An electric eel (D:9)
  4 jellies
  6 howler monkeys
  2 bullfrog zombies (D:5)
  A quasit (D:6)
  7 hounds
  An iron imp (D:7)
  A centaur skeleton (D:5)
  2 gnoll boudas (D:7)
  7 orc priests
  A bullfrog skeleton (D:5)
  3 sleepcaps
  6 orc wizards
  2 iguanas
  A scorpion zombie (D:5)
  A killer bee zombie (D:5)
  5 adders
  10 gnolls
  4 shadow imps
  2 white imps (D:6)
  3 ufetubi (D:6)
  3 worms
  A dart slug (D:5)
  15 orcs
  5 endoplasms
  4 giant cockroaches
  6 goblins
  5 hobgoblins
  3 jackals (D:3)
  A quokka (D:3)
  4 ball pythons
  3 bats
  3 frilled lizards
  14 kobolds
  10 rats
250 creatures vanquished.

Vanquished Creatures (others)
  An orc (D:3)
  6 demonic plants (D:6)
  2 fungi (D:9)
  2 plants (D:9)
  A withered plant (D:5)
12 creatures vanquished.

Grand Total: 262 creatures vanquished

Table legend:
 A = Non-vault XP
 B = Vault XP
 C = Vault XP percentage of total XP
 D = Non-vault monster count
 E = Vault monster count
 F = Vault count percentage of total count
                 A         B        C        D         E       F
            +---------+---------+-------+---------+---------+-------
      Total |   12325 |   10548 |  46.1 |     182 |      67 |  26.9
            +---------+---------+-------+---------+---------+-------
        D:1 |      17 |       4 |  19.0 |      11 |       4 |  26.7
        D:2 |      36 |       0 |   0.0 |      16 |       0 |   0.0
        D:3 |     223 |       0 |   0.0 |      29 |       0 |   0.0
        D:4 |     175 |     839 |  82.7 |      12 |       3 |  20.0
        D:5 |     505 |    1452 |  74.2 |      11 |      14 |  56.0
        D:6 |    1040 |     897 |  46.3 |      18 |      17 |  48.6
        D:7 |     394 |     206 |  34.3 |      10 |       4 |  28.6
        D:8 |    2850 |     775 |  21.4 |      22 |       3 |  12.0
        D:9 |    2559 |    4925 |  65.8 |      23 |      21 |  47.7
       D:10 |    1920 |    1450 |  43.0 |      11 |       1 |   8.3
       D:11 |    1887 |       0 |   0.0 |      15 |       0 |   0.0
       D:12 |     719 |       0 |   0.0 |       4 |       0 |   0.0
            +---------+---------+-------+---------+---------+-------

Illustrated notes

Table legend:
 A = Kills in this place as a percentage of kills in the entire game.
 B = Kills by you in this place as a percentage of kills by you in the entire game.
 C = Kills by friends in this place as a percentage of kills by friends in the entire game.
 D = Other kills in this place as a percentage of other kills in the entire game.
 E = Experience gained in this place as a percentage of experience gained in the entire game.
 F = Experience gained in this place divided by the number of levels of this place that you have seen.
                   A       B       C       D       E      F
               +-------+-------+-------+-------+-------+----------------------
         Total | 100.0 | 100.0 |   N/A |   N/A | 100.0 | 1759.5
       Dungeon | 100.0 | 100.0 |   N/A |   N/A | 100.0 | 1906.1
               +-------+-------+-------+-------+-------+----------------------

Table legend: (Time is in decaauts)
 A = Elapsed time spent in this place.
 B = Non-inter-level travel time spent in this place.
 C = Inter-level travel time spent in this place.
 D = Time resting spent in this place.
 E = Time spent auto-exploring this place.
 F = Levels seen in this place.
 G = Mean time per level.
                   A        B        C        D        E       F      G
               +--------+--------+--------+--------+--------+-----+--------+
         Total |  14331 |  13942 |    389 |    618 |  11060 |  13 | 1102.4 |
       Dungeon |  14268 |  13886 |    382 |    618 |  11010 |  12 | 1189.0 |
        Temple |     62 |     55 |      7 |      0 |     50 |   1 |   62.0 |
               +--------+--------+--------+--------+--------+-----+--------+

Top non-repeatable levels by time:
     D:9: 2588 daAuts
     D:6: 2063 daAuts
     D:8: 1837 daAuts
    D:10: 1288 daAuts
     D:4: 975 daAuts
    D:11: 968 daAuts
     D:3: 954 daAuts
     D:5: 947 daAuts
     D:7: 888 daAuts
     D:2: 829 daAuts
     D:1: 748 daAuts
    D:12: 178 daAuts
  Temple: 62 daAuts
